 Dungeon Crawl Stone Soup version 0.30-a0-1082-g70414cbcbb (webtiles) character file.

Game seed: 3835172916414722816

11769 Newt the Markskobold (level 12, 0/73 HPs)
             Began as a Kobold Hunter on Apr 15, 2023.
             Was an Initiate of Hepliaklqana.
             Slain by a yak (15 damage)
             ... on level 1 of the Lair of Beasts.
             The game lasted 00:11:40 (9452 turns).

Newt the Markskobold (Kobold Hunter)                Turns: 9452, Time: 00:11:41

Health: 0/73       AC:  6    Str:  8    XL:     12   Next: 11%
Magic:  18/18      EV: 28    Int: 14    God:    Hepliaklqana [......]
Gold:   672        SH:  0    Dex: 23    Spells: 17/19 levels left

rFire   . . .      SeeInvis +    E - +2 shortbow (heavy)
rCold   . . .      Faith    .    (shield currently unavailable)
rNeg    + . .      Spirit   .    y - +1 leather armour {Will+}
rPois   .          Reflect  .    L - +1 hat
rElec   .          Rampage  .    (no cloak)
rCorr   .                        p - +0 pair of gloves
Will    +....                    (no boots)
Stlth   +++                      g - amulet of regeneration
HPRegen 1.12/turn                k - ring "Meuhoshro" {rN+ EV+5 Int+3 SInv}
MPRegen 0.16/turn                (no ring)

@: no status effects
A: small, no large weapons, nightstalker 3
a: Renounce Religion


You were on level 1 of the Lair of Beasts.
You worshipped Hepliaklqana.
Hepliaklqana was noncommittal.
You visited 3 branches of the dungeon, and saw 11 of its levels.

You collected 672 gold pieces.

Inventory:

Hand Weapons
 a - a +3 shortbow
 E - a +2 heavy shortbow (weapon)
Armour
 c - a +0 leather armour
 j - a scarf of shadows
 m - a +1 animal skin
 n - a +0 helmet
 p - a +0 pair of gloves (worn)
 w - a +2 kite shield
 y - a +1 leather armour of willpower (worn)
 C - +0 swamp dragon scales
 L - a +1 hat (worn)
Jewellery
 g - an amulet of regeneration (around neck)
 h - an amulet of guardian spirit
 k - the ring "Meuhoshro" (left hand) {rN+ EV+5 Int+3 SInv}
   (You acquired it on level 7 of the Dungeon)

   [ring of evasion]

   EV:        It affects your evasion (+5).
   Int:       It affects your intelligence (+3).
   rN:        It protects you from negative energy.
   SInv:      It lets you see invisible.
 A - a ring of fire
 H - a ring of fire
 I - an amulet of magic regeneration
Wands
 b - a wand of flame (5)
 x - a wand of polymorph (5)
 z - a wand of digging (6)
 M - a wand of iceblast (6)
Scrolls
 i - 2 scrolls of blinking
 u - a scroll of magic mapping
 D - a scroll of fear
 F - 2 scrolls of teleportation
 G - 3 scrolls of noise {unknown}
Potions
 d - 3 potions of degeneration
 e - 3 potions of curing
 f - 3 potions of mutation
 l - 2 potions of attraction {unknown}
 o - a potion of lignification {unknown}
 q - a potion of magic {unknown}
 r - 2 potions of flight {unknown}
 s - a potion of resistance {unknown}
 t - 2 potions of heal wounds {unknown}
 v - a potion of ambrosia {unknown}
 B - a potion of brilliance {unknown}
 J - a potion of haste
Miscellaneous
 K - a phantom mirror (inert)


   Skills:
 - Level 8.0 Fighting
 - Level 15.0 Ranged Weapons
 - Level 4.0 Armour
 + Level 11.0 Dodging
 - Level 1.3 Stealth
 - Level 4.1 Spellcasting
 - Level 4.1 Transmutations
 - Level 6.0 Invocations


You had 17 spell levels left.
You knew the following spells:

 Your Spells              Type           Power      Damage    Failure   Level
a - Wereblood             Tmut           14%        N/A       8%          2

Your spell library contained the following spells:

 Spells                   Type           Power      Damage    Failure   Level
 Slow                     Hex            8%         N/A       26%         1
 Sublimation of Blood     Necr           2%         N/A       38%         2
 Confusing Touch          Hex            2%         N/A       63%         3
 Summon Guardian Golem    Hex/Summ       2%         N/A       63%         3
 Vampiric Draining        Necr           2%         2d6       63%         3
 Orb of Destruction       Conj           1%         9d5       100%        7
 Spellforged Servitor     Conj/Summ      1%         N/A       100%        7
 Summon Hydra             Summ           1%         N/A       100%        7


Dungeon Overview and Level Annotations

Branches:
Dungeon (10/15)            Temple (1/1) D:6            Lair (1/5) D:9
    Orc: D:9-12

Altars:
Ashenzari
Cheibriados
Dithmenos
Elyvilon
Fedhas
Gozag
Hepliaklqana
Kikubaaqudgha
Makhleb
Nemelex Xobeh
Okawaru
Ru
Sif Muna
Trog
Uskayaw
Vehumet
Wu Jian
Xom
Yredelemnul
Zin
The Shining One


Innate Abilities, Weirdness & Mutations

You are small and have problems with some larger weapons.
You are completely attuned to the shadows.


Message History

The blink frog closely misses you.
Unknown command.
You shoot an arrow. The arrow misses the blink frog.
The blink frog completely misses you.
Your black bear bites the black bear.
Your black bear claws the black bear.
Your black bear barely misses the black bear.
The black bear bites your black bear but does no damage.
The black bear claws your black bear. x2
Unknown command.
Fire: E) +2 shortbow (heavy)
Press: ? - help, Shift-Dir - straight line, f - yak, p - blink frog
Aim: a yak (almost dead, 81% to hit)
You shoot an arrow. The arrow hits the blink frog!!
The blink frog is severely wounded.
You howl as the wereblood boils in your veins!
The blink frog misses you. The blink frog hits your black bear!
Something hits your black bear!!
Your black bear dies!
Your black bear's corpse shimmers and vanishes!
The blink frog closely misses you.
Unknown command.
Fire: E) +2 shortbow (heavy)
Press: ? - help, Shift-Dir - straight line, f/p - yak
Aim: a yak (almost dead, 81% to hit)
You shoot an arrow. The arrow barely misses the blink frog.
The arrow hits the yak!
You kill the yak!
You howl as the wereblood boils in your veins!
The blink frog hits you.
* * * LOW HITPOINT WARNING * * *
The blink frog blinks! x2; The blink frog completely misses you.
Your Dodging skill increases to level 11!
Fire: E) +2 shortbow (heavy)
Press: ? - help, Shift-Dir - straight line, f - blink frog
Aim: a blink frog (severely wounded, 62% to hit)
You shoot an arrow. The arrow hits the blink frog!!
You feel a bit better.
You kill the blink frog!
Your primal bloodlust has ended.
The blink frog blinks!
The yak completely misses you. The yak gores you!
You die...

#. ### #.# #.### .## # ##.#
##...## .. . ##
#.#..####.#.#.##.#.. .#
#.........).##.#..#. .####
###.###.#.....†.... ..#.#
#### #..##.##..#F#.##.
.#.#####..#####.##§#........#
..............††@Yh.§...#####
.#..#.##.##.#########h.##
...########## #### .### .# .#
##


You could see a yak and a black bear (berserk).

Vanquished Creatures
  Gastronok (Lair:1)
  A two-headed ogre (D:9)
  A cyclops (D:6)
  A black mamba (Lair:1)
  3 cane toads (Lair:1)
  2 komodo dragons
  Maggie (D:7)
  A troll (D:10)
  Grinder (D:3)
  A blink frog (Lair:1)
  A wraith (D:10)
  3 wyverns (D:9)
  10 yaks
  A basilisk (Lair:1)
  Eustachio (D:7)
  Grum (Lair:1)
  2 water moccasins
  3 sky beasts
  2 ice beasts
  4 orc warriors
  2 black bears
  3 ogres
  3 wolves (Lair:1)
  A centaur (D:9)
  2 phantoms
  2 kobold brigands
  9 bullfrogs
  Blork the orc (D:7)
  3 gnoll sergeants
  6 scorpions
  4 wights (D:9)
  15 killer bees (D:9)
  2 howler monkeys
  A crimson imp (D:5)
  2 jellies
  2 hounds (D:5)
  2 orc priests
  A gnoll bouda (D:6)
  2 iguanas (D:5)
  2 sleepcaps
  An orc wizard (D:7)
  Robin (D:2)
  10 adders
  9 gnolls
  A shadow imp (D:6)
  3 white imps
  2 ufetubi
  6 worms (D:5)
  2 dart slugs
  8 orcs
  6 ball pythons
  2 bats
  4 endoplasms (D:1)
  A giant cockroach (D:4)
  13 goblins
  10 hobgoblins
  14 kobolds
  3 quokkas
  10 frilled lizards (D:3)
  A rat (D:1)
213 creatures vanquished.

Vanquished Creatures (others)
  23 fungi
  34 plants
57 creatures vanquished.

Grand Total: 270 creatures vanquished

Notes
Turn   | Place    | Note
-------+----------+-------------------------------------------
     0 | D:1      | Newt the Kobold Hunter began the quest for the Orb.
     0 | D:1      | Reached XP level 1. HP: 12/12 MP: 1/1
   202 | D:1      | Reached XP level 2. HP: 18/18 MP: 2/2
   731 | D:1      | Reached XP level 3. HP: 23/23 MP: 3/3
  1247 | D:2      | Noticed Robin
  1587 | D:2      | Killed Robin
  1588 | D:2      | Reached XP level 4. HP: 26/30 MP: 4/4
  1832 | D:3      | Found a faded altar of an unknown god.
  1989 | D:3      | Reached skill level 5 in Fighting
  1989 | D:3      | Reached XP level 5. HP: 35/35 MP: 5/5
  2060 | D:3      | Reached skill level 6 in Ranged Weapons
  2183 | D:3      | Noticed Grinder
  2201 | D:3      | Killed Grinder
  2202 | D:3      | Reached skill level 8 in Ranged Weapons
  2202 | D:3      | Reached XP level 6. HP: 14/40 MP: 1/6
  3147 | D:4      | Noticed a sky beast
  3155 | D:4      | Killed a sky beast
  3156 | D:4      | Reached skill level 9 in Ranged Weapons
  3156 | D:4      | Reached XP level 7. HP: 44/44 MP: 7/7
  3192 | D:4      | Found a shadowy altar of Dithmenos.
  3241 | D:4      | Reached skill level 10 in Ranged Weapons
  3547 | D:4      | Found a hide-covered altar of Uskayaw.
  3764 | D:5      | Entered Level 5 of the Dungeon
  3782 | D:5      | Identified the +6 spear "Vetug" {flame, Contam rPois rF+++
                  | rCorr}
  3794 | D:5      | Reached XP level 8. HP: 49/49 MP: 8/8
  3806 | D:5      | Reached skill level 5 in Dodging
  3997 | D:4      | Reached skill level 11 in Ranged Weapons
  4605 | D:5      | Found a burning altar of Makhleb.
  4744 | D:5      | Found an ancient bone altar of Kikubaaqudgha.
  4942 | D:6      | Reached skill level 12 in Ranged Weapons
  4942 | D:6      | Reached XP level 9. HP: 51/54 MP: 9/9
  5077 | D:6      | Learned a level 2 spell: Wereblood
  5147 | D:6      | Noticed a cyclops
  5167 | D:6      | Reached skill level 1 in Spellcasting
  5167 | D:6      | Reached skill level 1 in Transmutations
  5711 | D:6      | Killed a cyclops
  5887 | D:6      | Found a glowing silver altar of Zin.
  6039 | D:6      | Found a broken altar of Ashenzari.
  6115 | D:6      | Found an opulent altar of Gozag.
  6275 | D:6      | Identified the +8 glaive "Nobbateg" {freeze, rC+ rCorr
                  | Str-2 Dex+3}
  6379 | D:6      | Found a staircase to the Ecumenical Temple.
  6385 | Temple   | Entered the Ecumenical Temple
  6686 | D:7      | Identified a scroll of acquirement
  6686 | D:7      | Acquired the ring "Meuhoshro" {rN+ EV+5 Int+3 SInv}
  6727 | D:7      | Reached XP level 10. HP: 56/59 MP: 14/16
  6768 | D:7      | Noticed Eustachio
  6768 | D:7      | Noticed Blork the orc
  6811 | D:7      | Killed Eustachio
  6833 | D:7      | Killed Blork the orc
  7130 | D:7      | Found a shimmering blue altar of Sif Muna.
  7366 | D:7      | Noticed Maggie
  7377 | D:7      | Killed Maggie
  7378 | D:7      | Reached skill level 10 in Dodging
  7573 | D:7      | You fall into a shaft and drop 2 floors!
  7707 | D:9      | Noticed a two-headed ogre
  7731 | D:9      | Killed a two-headed ogre
  7744 | D:9      | Reached skill level 13 in Ranged Weapons
  7912 | D:9      | Reached XP level 11. HP: 59/68 MP: 15/17
  8013 | D:9      | Reached skill level 14 in Ranged Weapons
  8047 | D:9      | Found an ornate altar of the Wu Jian Council.
  8173 | D:9      | Found a staircase to the Lair.
  8506 | D:9      | Reached skill level 15 in Ranged Weapons
  8506 | D:9      | Reached skill level 1 in Armour
  8669 | D:10     | Entered Level 10 of the Dungeon
  8797 | D:10     | Found a hazy altar of Hepliaklqana.
  8802 | D:10     | Became a worshipper of Hepliaklqana the Forgotten
  8844 | Lair:1   | Entered Level 1 of the Lair of Beasts
  9191 | Lair:1   | Noticed Grum
  9205 | Lair:1   | Killed Grum
  9311 | Lair:1   | Reached skill level 5 in Invocations
  9377 | Lair:1   | Noticed Gastronok
  9391 | Lair:1   | Killed Gastronok
  9392 | Lair:1   | Reached XP level 12. HP: 73/73 MP: 18/18
  9452 | Lair:1   | Slain by a yak

Illustrated notes

Levels and vault maps discovered:
D:1:      psy_arrival_fountain, layout_basic
D:2:      layout_basic, uniq_robin
D:3:      layout_loops_ring, chequers_ecumenical_altar_simple,
          minmay_lizard_king, uniq_grinder
D:4:      layout_basic, nicolae_uskayaw_suspiria, grunt_dithmenos_smoke
D:5:      layout_cave_pools, lemuel_doored_altar, makhleb_grotto_becter,
          nicolae_wormholes
D:6:      kennysheep_big_flooded_room, layout_basic,
          pdpol_temple_overflow_zin_treasury_gozag_greed,
          cheibrodos_ashenzari_chains, minmay_temple_entry_mist,
          minmay_checkerbox
D:7:      layout_layer_cave, nicolae_sif_muna_condensation, sword_in_stone,
          uniq_joseph, uniq_maggie
D:9:      layout_loops_ring, overflow_temple_1_default,
          grunt_lair_entry_orc_guard_hut
D:10:     layout_rooms, nicolae_hepliaklqana_hazy_memory, david_orc_2,
          nrook_pool_corridor
Temple:   nicolae_temple_bog_church
Lair:1:   layout_loops_ring, uniq_gastronok, uniq_grum

Skill      XL: |  1  2  3  4  5  6  7  8  9 10 11 12 |
---------------+-------------------------------------+-----
Fighting       | 3 4 5 8 |  8.0
Ranged Weapons | 8 9 10 12 13 15 | 15.0
Dodging        | 4 6 7 10 11 | 11.0
Spellcasting   | 4 |  4.1
Transmutations | 4 |  4.1
Armour         | 4 |  4.0
Invocations    | 6 |  6.0
Stealth        | |  1.3

Action                     |  1- 3 |  4- 6 |  7- 9 | 10-12 || total
---------------------------+-------+-------+-------+-------++-------
   Fire: Shortbow          |    86 |    95 |   240 |   345 ||   766
   Cast: Wereblood         |       |       |     4 |    14 ||    18
  Evoke: Wand              |       |       |     1 |       ||     1
         Phantom mirror    |       |       |       |     1 ||     1
    Use: Scroll            |     4 |     5 |     8 |       ||    17
         Potion            |       |     1 |     1 |     2 ||     4
 Armour: Leather armour    |    15 |       |       |    26 ||    41
         Animal skin       |       |     6 |    17 |     3 ||    26
  Dodge: Dodged            |    40 |    25 |    86 |   333 ||   484

Table legend: (Time is in decaauts)
 A = Elapsed time spent in this place.
 B = Non-inter-level travel time spent in this place.
 C = Inter-level travel time spent in this place.
 D = Time resting spent in this place.
 E = Time spent auto-exploring this place.
 F = Levels seen in this place.
 G = Mean time per level.
                   A        B        C        D        E       F      G
               +--------+--------+--------+--------+--------+-----+--------+
         Total |   9517 |   9238 |    279 |   1620 |   6139 |  11 |  865.2 |
       Dungeon |   8591 |   8336 |    255 |   1507 |   5544 |   9 |  954.6 |
        Temple |    287 |    265 |     22 |      0 |    255 |   1 |  287.0 |
          Lair |    638 |    638 |      0 |    113 |    340 |   1 |  638.0 |
               +--------+--------+--------+--------+--------+-----+--------+

Top non-repeatable levels by time:
     D:6: 1476 daAuts
     D:4: 1234 daAuts
     D:9: 1128 daAuts
     D:3: 1119 daAuts
     D:1: 1067 daAuts
     D:7: 876 daAuts
     D:2: 764 daAuts
     D:5: 762 daAuts
  Lair:1: 638 daAuts
  Temple: 287 daAuts
    D:10: 161 daAuts
